 Dungeon Crawl Stone Soup version 0.21-a0-621-gc60411f (webtiles) character file.

112 slep the Slasher (level 4, -2/35 HPs)
             Began as a Barachi Gladiator on Dec 24, 2017.
             Slain by chance672's ghost (6 damage)
             ... on level 3 of the Dungeon.
             The game lasted 00:08:10 (1815 turns).

slep the Slasher (Barachi Gladiator)                Turns: 1815, Time: 00:08:11

Health: -2/35      AC:  4    Str: 17    XL:     4   Next: 95%
Magic:  4/4        EV: 13    Int:  9    God:
Gold:   207        SH:  0    Dex: 14    Spells: 3/3 levels left

rFire    + . .     SeeInvis .   a - +0 long sword
rCold    . . .     Gourm    .   (no shield)
rNeg     . . .     Faith    .   b - +0 leather armour
rPois    .         Spirit   .   c - +0 helmet
rElec    .         Reflect  .   (no cloak)
rCorr    .         Harm     .   (no gloves)
MR       .....                  (no boots)
Stlth    +.........             (no amulet)
HPRegen  0.11/turn              n - ring of protection from fire
MPRegen  0.09/turn              o - +2 ring of strength

@: slow
A: +LOS, swims, slowness 1, strong legs 1
a: Hop


You were on level 3 of the Dungeon.
You were very hungry.

You visited 1 branch of the dungeon, and saw 3 of its levels.

You collected 207 gold pieces.

Inventory:

Hand Weapons
 a - a +0 long sword (weapon)
Missiles
 d - 3 throwing nets (quivered)
 s - 28 sling bullets
Armour
 b - a +0 leather armour (worn)
 c - a +0 helmet (worn)
Jewellery
 n - a ring of protection from fire (left hand)
 o - a +2 ring of strength (right hand)
Scrolls
 e - 4 scrolls of identify {unknown}
 g - a scroll of fear {unknown}
 h - 2 scrolls of enchant armour {unknown}
 j - a scroll of amnesia {unknown}
 k - 2 scrolls of enchant weapon {unknown}
 l - 3 scrolls of remove curse {unknown}
 m - 2 scrolls of fog {unknown}
 p - a scroll of random uselessness {unknown}
 q - a scroll of teleportation {unknown}
 r - a scroll of blinking {unknown}
Potions
 i - 3 potions of heal wounds
 t - a potion of lignification {unknown}
 u - a potion of flight {unknown}
Comestibles
 f - 9 rations


   Skills:
 + Level 3.0 Fighting
 + Level 5.3 Long Blades
 + Level 2.0 Throwing
 + Level 1.4 Armour
 + Level 3.8 Dodging
 + Level 1.0 Stealth


You had 3 spell levels left.
You didn't know any spells.

Dungeon Overview and Level Annotations

Branches:
Dungeon (3/15)

Altars:
Qazlal
The Shining One

Annotations:
D:3 1 runed door, chance672's ghost, amateur HuGl


Innate Abilities, Weirdness & Mutations

Shadows flee at your approach. (+LOS)
You can swim through water.
You cover ground slowly.
You can hop short distances.


Message History

You hit chance672's ghost but do no damage.
Chance672's ghost is heavily damaged.
Chance672's ghost hits you but does no damage.
You closely miss chance672's ghost.
Chance672's ghost is heavily damaged.
Chance672's ghost threatens to break your skull.
Chance672's ghost closely misses you.
You riposte.
You hit chance672's ghost.
Chance672's ghost is severely damaged.
You hit chance672's ghost but do no damage.
Chance672's ghost is severely damaged.
Chance672's ghost hits you.
You closely miss chance672's ghost.
Chance672's ghost is severely damaged.
Chance672's ghost closely misses you. Chance672's ghost hits you!
* * * LOW HITPOINT WARNING * * *
You barely miss chance672's ghost.
Chance672's ghost is severely damaged.
Chance672's ghost says, "They lied to you.
The Dungeon just goes down and down forever."
Chance672's ghost hits you.
You die...

#.......# #.....#
##.###### #.....#
#.# ##############
######.###.........#
#..................#
#..................#
#..................#
#[............)..[.#
#..(........@......#
#...........W...####
#...............#
##########......#
##++......! #......#
#......# ......##
...=..#


You could see chance672's ghost.

Vanquished Creatures
  Terence (D:3)
  2 adders (D:1)
  A worm (D:2)
  3 dart slugs (D:1)
  5 giant cockroaches
  10 goblins
  5 hobgoblins
  6 kobolds
  A ball python (D:2)
  11 bats
  5 frilled lizards
  9 rats
59 creatures vanquished.

Notes
Turn   | Place    | Note
-------+----------+-------------------------------------------
     0 | D:1      | slep the Barachi Gladiator began the quest for the Orb.
     0 | D:1      | Reached XP level 1. HP: 17/17 MP: 1/1
    83 | D:1      | Reached skill level 4 in Long Blades
   136 | D:1      | Reached XP level 2. HP: 23/23 MP: 2/2
   548 | D:2      | Reached XP level 3. HP: 26/28 MP: 3/3
   643 | D:2      | Found a stormy altar of Qazlal.
   981 | D:1      | Reached XP level 4. HP: 24/34 MP: 4/4
   983 | D:1      | Reached skill level 5 in Long Blades
  1136 | D:2      | Reached skill level 1 in Stealth
  1439 | D:3      | Reached skill level 1 in Armour
  1504 | D:3      | Found a glowing golden altar of the Shining One.
  1577 | D:3      | Found a runed door.
  1694 | D:3      | Noticed Terence
  1704 | D:3      | Killed Terence
  1795 | D:3      | Noticed chance672's ghost (amateur HuGl)
  1815 | D:3      | Slain by chance672's ghost

Vault maps used:
D:1:      tarquinn_simple_flora_water_f
D:2:      grunt_qazlal_clouds, minmay_joined_circles
D:3:      lemuel_doored_altar, lemuel_coloured_pillars_altar, uniq_terence,
          uniq_crazy_yiuf_cottage

Skill      XL: |  1  2  3  4 |
---------------+-------------+-----
Long Blades    | 4 5 |  5.3
Stealth        | 1 |  1.0
Armour         | 1 |  1.4
Fighting       | 3 |  3.0
Throwing       | |  2.0
Dodging        | |  3.8

Action                   |  1- 3 |  4- 6 || total
-------------------------+-------+-------++-------
Melee: Long sword        |    86 |    77 ||   163
  Use: Potion            |     1 |       ||     1
 Stab: Sleeping          |     3 |       ||     3
  Eat: Chunk             |       |     3 ||     3
Armor: Leather armour    |    44 |    21 ||    65
Dodge: Dodged            |    96 |    73 ||   169
       Rpst.: Long sword |    37 |    26 ||    63

Table legend:
 A = Spawn XP
 B = Non-spawn XP
 C = Spawn XP percentage of total XP
 D = Spawn monster count
 E = Non-spawn monster count
 F = Spawn count percentage of total count
 G = Total turns spent on level
                    A         B        C        D         E        F      G
               +---------+---------+-------+---------+---------+-------+---------
         Total |       0 |     161 |   0.0 |       0 |      59 |   0.0 |  1815
               +---------+---------+-------+---------+---------+-------+---------
           D:1 |       0 |      63 |   0.0 |       0 |      22 |   0.0 |   798
           D:2 |       0 |      42 |   0.0 |       0 |      25 |   0.0 |   631
           D:3 |       0 |      56 |   0.0 |       0 |      12 |   0.0 |   386
               +---------+---------+-------+---------+---------+-------+---------
